 Dungeon Crawl Stone Soup version 0.22.0-13-g43fe8f2 (webtiles) character file.

107 brik the Shield-Bearer (level 5, -5/41 HPs)
             Began as a Formicid Fighter on Aug 16, 2018.
             Slain by Crazy Yiuf
             ... wielding a +2 quarterstaff of chaos
              (18 damage)
             ... on level 2 of the Dungeon.
             The game lasted 00:04:34 (2441 turns).

brik the Shield-Bearer (Formicid Fighter)           Turns: 2441, Time: 00:04:35

Health: -5/41      AC:  6    Str: 21    XL:     5   Next: 11%
Magic:  5/5        EV:  8    Int:  7    God:
Gold:   68         SH: 10    Dex: 11    Spells: 4/4 levels left

rFire    . . .     SeeInvis +   a - +0 long sword
rCold    . . .     Gourm    .   c - +0 shield
rNeg     . . .     Faith    .   b - +0 scale mail
rPois    .         Spirit   .   (helmet unavailable)
rElec    .         Reflect  .   (no cloak)
rCorr    .         Harm     .   (no gloves)
MR       .....                  (no boots)
Stlth    ..........             (no amulet)
HPRegen  0.13/turn              (no ring)
MPRegen  0.09/turn              (no ring)

@: no status effects
A: permanent stasis, dig shafts and tunnels, four strong arms, antennae 3
a: Dig, Shaft Self


You were on level 2 of the Dungeon.
You were not hungry.

You visited 1 branch of the dungeon, and saw 2 of its levels.

You collected 68 gold pieces.

Inventory:

Hand Weapons
 a - a +0 long sword (weapon)
 r - a +1 great mace of protection
Armour
 b - a +0 scale mail (worn)
 c - a +0 shield (worn)
Scrolls
 e - 2 scrolls of magic mapping {unknown}
 l - 3 scrolls of remove curse {unknown}
 m - a scroll of amnesia {unknown}
 n - 3 scrolls of identify {unknown}
 p - 2 scrolls of blinking {unknown}
 q - 2 scrolls of random uselessness {unknown}
Potions
 d - a potion of might
 g - a potion of curing {unknown}
 h - a potion of ambrosia {unknown}
 i - a potion of heal wounds {unknown}
 j - a potion of brilliance {unknown}
 k - a potion of resistance {unknown}
 o - 2 potions of degeneration {unknown}
 s - a potion of haste {unknown}
 t - a potion of mutation {unknown}
Comestibles
 f - 3 rations


   Skills:
 - Level 3.2 Fighting
 + Level 3.9 Long Blades
 - Level 3.2 Armour
 - Level 5.0 Shields


You had 4 spell levels left.
You didn't know any spells.
Your spell library was empty.

Dungeon Overview and Level Annotations

Branches:
Dungeon (2/15)

Altars:
Makhleb
Zin

Annotations:
D:2 Crazy Yiuf


Innate Abilities, Weirdness & Mutations

You cannot be hasted, slowed, berserked, paralysed or teleported.
You can dig through walls and to a lower floor.
Your four strong arms can wield two-handed weapons with a shield.
You have a pair of large antennae on your head. (SInv)


Message History

Crazy Yiuf grits, "Fire!"
Crazy Yiuf hits you with a quarterstaff of chaos.
Space bends around you.
You hit Crazy Yiuf but do no damage.
Crazy Yiuf is moderately wounded.
You block Crazy Yiuf's attack.
You slash Crazy Yiuf!
Crazy Yiuf is severely wounded.
Crazy Yiuf hits you with a quarterstaff of chaos.
Crazy Yiuf burns you.
You barely miss Crazy Yiuf.
Crazy Yiuf is severely wounded.
Crazy Yiuf cries, "Mountain stair childish!"
Crazy Yiuf hits you with a quarterstaff of chaos.
Crazy Yiuf freezes you. You block Crazy Yiuf's attack.
You barely miss Crazy Yiuf.
Crazy Yiuf is severely wounded.
Crazy Yiuf hits you with a quarterstaff of chaos.
You are electrocuted!
You die...

#.##.# #.... #.##.#
#.### #.##.# #.#
###### #.# #.###
###########.... ###
###.#.P........))
#...##..#.PP....##.###
#...g@####......##.#
#)..### ##P...###.###
### ###### #....
#####.### #.....###
### ### #######...#
##.# #.## #.# #...#
##.##
##.####.#####...# #.##
##............##


You could see Crazy Yiuf.

Vanquished Creatures
  A hound (D:2)
  Robin (D:2)
  An adder (D:2)
  A worm (D:2)
  A dart slug (D:1)
  A leopard gecko (D:2)
  4 bats (D:1)
  A giant cockroach (D:1)
  15 goblins
  4 hobgoblins (D:2)
  3 jackals (D:1)
  5 kobolds
  A quokka (D:2)
  7 frilled lizards
  6 rats
52 creatures vanquished.

Notes
Turn   | Place    | Note
-------+----------+-------------------------------------------
     0 | D:1      | brik the Formicid Fighter began the quest for the Orb.
     0 | D:1      | Reached XP level 1. HP: 18/18 MP: 1/1
   189 | D:1      | Reached skill level 4 in Shields
   196 | D:1      | Reached XP level 2. HP: 15/24 MP: 2/2
   660 | D:1      | Reached XP level 3. HP: 26/29 MP: 3/3
  1048 | D:2      | Found a glowing silver altar of Zin.
  1102 | D:2      | Reached XP level 4. HP: 18/35 MP: 4/4
  1253 | D:2      | Found a burning altar of Makhleb.
  1297 | D:2      | Reached skill level 5 in Shields
  2126 | D:2      | Found a runed door.
  2188 | D:2      | Noticed Robin
  2202 | D:2      | Killed Robin
  2213 | D:2      | Reached XP level 5. HP: 30/41 MP: 5/5
  2433 | D:2      | Noticed Crazy Yiuf
  2441 | D:2      | Slain by Crazy Yiuf

Skill      XL: |  1  2  3  4 |
---------------+-------------+-----
Shields        | 4 5 |  5.0
Long Blades    | 3 |  3.9
Fighting       | |  3.2
Armour         | |  3.2

Action                   |  1- 3 |  4- 6 || total
-------------------------+-------+-------++-------
Melee: Long sword        |   100 |    72 ||   172
       Great mace        |       |    48 ||    48
  Eat: Chunk             |     1 |     4 ||     5
Armor: Scale mail        |    61 |    34 ||    95
Dodge: Dodged            |    38 |    33 ||    71
Block: Shield            |    52 |    66 ||   118
       Rpst.: Long sword |    13 |     3 ||    16
